 Dungeon Crawl Stone Soup version 0.30-b1-2-g02819fbbbe (webtiles) character file.

Game seed: 8655333783169296592

417 Borgoz the Slasher (level 7, 0/54 HPs)
             Began as a Human Monk on June 25, 2023.
             Slain by a hound (4 damage)
             ... on level 5 of the Dungeon.
             The game lasted 00:06:01 (4048 turns).

Borgoz the Slasher (Human Monk)                     Turns: 4048, Time: 00:06:02

Health: 0/54       AC:  4    Str:  9 (11) XL:     7   Next: 15%
Magic:  7/7        EV: 13    Int: 10 (11) God:
Gold:   187        SH:  0    Dex: 14 (15) Spells: 6/6 levels left

rFire   + . .        j - +0 long sword
rCold   . . .        d - orb {light}
rNeg    . . .        u - +0 leather armour
rPois   .            (no helmet)
rElec   .            k - +0 cloak
rCorr   .            (no gloves)
SInv    .            (no boots)
Will    .....        a - amulet of the acrobat
Stlth   +            (no ring)
HPRegen 0.29/turn    (no ring)
MPRegen 0.10/turn

%: acrobat, clarity
@: glowing
A: clarity, fire resistance 1, weak 1, devolution 1
a: no special abilities


You were on level 5 of the Dungeon.
You visited 1 branch of the dungeon, and saw 5 of its levels.
You also visited: Sewer.

You collected 187 gold pieces.

Inventory:

Hand Weapons
 j - a +0 long sword (weapon)
 x - a +0 great sword
Armour
 d - an orb of light (worn)
 g - a +0 ring mail
 k - a +0 cloak (worn)
 u - a +0 leather armour (worn)
Jewellery
 a - an amulet of the acrobat (around neck)
 r - a ring of protection from fire
Wands
 w - a wand of digging (4)
Scrolls
 b - 2 scrolls of fear {unknown}
 c - 2 scrolls of fog
 f - a scroll of amnesia {unknown}
 h - a scroll of enchant armour {unknown}
 m - 4 scrolls of identify {unknown}
 n - a scroll of teleportation {unknown}
 o - a scroll of poison {unknown}
 s - 2 scrolls of blinking {unknown}
Potions
 e - 2 potions of flight
 i - a potion of might {unknown}
 l - a potion of attraction {unknown}
 p - a potion of invisibility {unknown}
 t - a potion of mutation
 v - a potion of haste {unknown}


   Skills:
 + Level 4.2 Fighting
 * Level 5.3 Long Blades
 + Level 2.8 Armour
 + Level 4.2 Dodging


You had 6 spell levels left.
You didn't know any spells.
Your spell library contained the following spells:

 Spells                   Type           Power      Damage    Failure   Level
 Shock                    Conj/Air       0%         1d3       45%         1
 Lesser Beckoning         Tloc           0%         N/A       61%         2
 Gell's Gravitas          Tloc           0%         N/A       83%         3
 Swiftness                Air            0%         N/A       83%         3
 Teleport Other           Tloc           0%         N/A       83%         3
 Airstrike                Air            0%         2d(0-16)  99%         4


Dungeon Overview and Level Annotations

Branches:
Dungeon (5/15)              Sewer (visited)
 Temple: D:4-7

Altars:
Dithmenos
Elyvilon
Okawaru
Ru
Zin

Shops:
D:3 *


Innate Abilities, Weirdness & Mutations

You possess an exceptional clarity of mind.
Your flesh is heat resistant. (rF+)
You are weak. (Str -2)
You have hidden genetic defects.


Message History

The hound is severely wounded.
The hound closely misses you.
You hit the hound but do no damage.
The hound is severely wounded.
The hound bites you. The sleepcap releases spores at you.
You are engulfed in a cloud of soporific spores!
You fall asleep.
The hound bites you!
You wake up.
The hound bites you. The sleepcap attacks as you move away!
The sleepcap closely misses you. The hound completely misses you.
A wolf comes into view.
The hound attacks as you move away! The hound misses you.
The wolf howls!
The wolf misses you. The hound closely misses you. The hound barely misses you.
The sleepcap completely misses you. The wolf barely misses you.
You barely miss the hound. The hound barely misses you. The hound bites you.
The wolf bites you but does no damage. The sleepcap misses you.
The hound bites you. The hound bites you but does no damage.
You barely miss the hound. The wolf bites you. The hound bites you.
The hound closely misses you. The sleepcap misses you.
The wolf closely misses you. The hound bites you.
* * * LOW HITPOINT WARNING * * *
The hound barely misses you.
Unknown command.
It was a potion of mutation.
You feel extremely strange.
Your thoughts seem clearer.
You feel a hidden malignance growing inside you.
You feel weaker.
You feel resistant to heat. The wolf bites you!
* * * LOW HITPOINT WARNING * * *
The sleepcap closely misses you. The hound bites you.
* * * LOW HITPOINT WARNING * * *
The hound bites you but does no damage. The wolf bites you.
* * * LOW HITPOINT WARNING * * *
It was a potion of degeneration.
There was something very wrong with that liquid.
You feel weakened.
You feel dopey.
You feel clumsy. The wolf barely misses you. The hound bites you.
You die...

##### ###.... #.....
#...# #############
#..# ##...........###.#
#..####.####...hh#
#..##.....##...#@##
...#.......#...#hf#
...#.......#.#.#...#
......._.....#.#....).
#..#.......#.#.#......#
...#.......#.#.......##
...##.....##.#.......#
.#.####.####.#........
.......... ............


You could see a sleepcap, a wolf and 2 hounds.

Vanquished Creatures
  A scorpion (D:4)
  2 iguanas (D:4)
  3 orc wizards
  A gnoll (D:1)
  10 adders
  A river rat (D:3)
  2 worms (D:3)
  3 dart slugs (D:1)
  10 orcs
  7 endoplasms
  6 giant cockroaches
  10 goblins
  6 hobgoblins
  4 jackals (D:3)
  3 quokkas
  13 ball pythons
  3 bats
  8 frilled lizards
  6 kobolds
  9 rats
108 creatures vanquished.

Notes
Turn   | Place    | Note
-------+----------+-------------------------------------------
     0 | D:1      | Borgoz the Human Monk began the quest for the Orb.
     0 | D:1      | Reached XP level 1. HP: 18/18 MP: 1/1
    20 | D:1      | Found a faded altar of an unknown god.
    65 | D:1      | Reached XP level 2. HP: 24/24 MP: 2/2
   188 | D:1      | Reached XP level 3. HP: 25/29 MP: 3/3
   409 | D:1      | Reached skill level 1 in Armour
  1153 | D:2      | Reached XP level 4. HP: 35/35 MP: 4/4
  1815 | D:3      | Found Cuyxurib's General Store.
  2028 | D:3      | Reached skill level 4 in Long Blades
  2028 | D:3      | Reached XP level 5. HP: 32/41 MP: 5/5
  2145 | D:3      | Found a glowing drain.
  2153 | Sewer    | Entered a sewer
  2708 | Sewer    | Reached XP level 6. HP: 43/48 MP: 6/6
  3116 | D:3      | Found a glowing silver altar of Zin.
  3147 | D:3      | Found a sacrificial altar of Ru.
  3147 | D:3      | Found a white marble altar of Elyvilon.
  3147 | D:3      | Found a shadowy altar of Dithmenos.
  3557 | D:4      | Reached skill level 5 in Long Blades
  3764 | D:4      | Reached XP level 7. HP: 51/54 MP: 7/7
  3892 | D:5      | Entered Level 5 of the Dungeon
  4011 | D:5      | Found an iron altar of Okawaru.
  4047 | D:5      | Gained mutation: You possess an exceptional clarity of
                  | mind. [potion of mutation]
  4047 | D:5      | Gained mutation: You have hidden genetic defects. [potion
                  | of mutation]
  4047 | D:5      | Gained mutation: You are weak. (Str -2) [potion of
                  | mutation]
  4047 | D:5      | Gained mutation: Your flesh is heat resistant. (rF+)
                  | [potion of mutation]
  4048 | D:5      | Slain by a hound

Illustrated notes

Levels and vault maps discovered:
D:1:      dpeg_arrival_leaves_temple_mockup, layout_basic,
          dreamdust_ecumenical_altar_angels_and_demons, kennysheep_boxes
D:2:      layout_basic
D:3:      layout_rooms, zin_statuary, gammafunk_temple_overflow_forgotten,
          lightli_sewer_entry_pipes, serial_shops, shop
D:4:      minmay_clustersquares, layout_cave_pools, minmay_pentomino_pile
D:5:      layout_cave_pools, old_standard_altar, serial_gnoll_camp,
          gnoll_camp_medium_02, grums_kennel, gnoll_camp_mini_hut,
          gnoll_camp_mini_loothouse, uniq_menkaure

Skill      XL: |  1  2  3  4  5  6 |
---------------+-------------------+-----
Armour         | 1 2 |  2.8
Long Blades    | 4 5 |  5.3
Fighting       | 4 |  4.2
Dodging        | 4 |  4.2

Action                     |  1- 3 |  4- 6 |  7- 9 || total
---------------------------+-------+-------+-------++-------
  Melee: Falchion          |    78 |     4 |       ||    82
         Long sword        |       |   234 |    25 ||   259
    Use: Potion            |     1 |     4 |     3 ||     8
         Scroll            |       |     1 |       ||     1
 Armour: Robe              |    13 |    45 |       ||    58
         Leather armour    |       |    11 |     6 ||    17
  Dodge: Dodged            |    52 |   228 |    40 ||   320
